 Dungeon Crawl Stone Soup version 0.31-a0-1612-g4aaf141004 (webtiles) character file.

Game seed: 17144880854957666625

410 IndexError the Trooper (level 7, -15/54 HPs)
             Began as a Djinni Conjurer on Jan 9, 2024.
             Was an Initiate of Ashenzari.
             Demolished by an ogre
             ... wielding a +0 giant club
              (31 damage)
             ... on level 3 of the Dungeon.
             The game lasted 00:04:57 (3106 turns).

IndexError the Trooper (Djinni Conjurer)            Turns: 3106, Time: 00:04:57

Health: -15/54     AC:  2    Str:  6    XL:     7   Next: 13%
Gold:   115        EV: 12    Int: 22    God:    Ashenzari [......] SH:  0 Dex: 11

rFire   + + .        d - +2 dagger (venom)
rCold   x . .        (no shield)
rNeg    . . .        a - +0 robe
rPois   ∞            (no helmet)
rElec   .            (no cloak)
rCorr   .            (no gloves)
SInv    .            (boots unavailable)
Will    .....        (no amulet)
Stlth   ++           (no ring)
HPRegen 0.29/turn    (no ring)
MPRegen 0.00/turn

%: infuse magic (-16 HP)
@: flying
A: sickness immunity, fire resistance 2, cold vulnerability 1, float, innate
caster, HP casting, extra vitality 1
a: Renounce Religion


You were on level 3 of the Dungeon.
You worshipped Ashenzari.
Ashenzari was noncommittal.
You visited 1 branch of the dungeon, and saw 4 of its levels.

You collected 115 gold pieces.

Inventory:

Hand Weapons
 d - a +2 dagger of venom (weapon)
   (You found it on level 1 of the Dungeon)
 e - a +2 whip of venom
   (You took it off a kobold on level 1 of the Dungeon)
Armour
 a - a +0 robe (worn)
Magical Staves
 h - a staff of fire {rF+}
   (You found it on level 2 of the Dungeon)
Wands
 k - a wand of flame (15)
   (You found it on level 3 of the Dungeon)
Scrolls
 b - 4 scrolls of identify {unknown}
 j - a scroll of amnesia {unknown}
Potions
 c - 2 potions of curing {unknown}
 f - a potion of enlightenment {unknown}
 g - 4 potions of berserk rage {unknown}
 i - 2 potions of brilliance {unknown}
 l - a potion of haste {unknown}


   Skills:
 * Level 5.4 Fighting
 - Level 2.1 Dodging
 - Level 1.5 Stealth
 + Level 4.7 Spellcasting
 + Level 4.7 Conjurations
 + Level 4.7 Hexes
   Level 0.0 Charms
 + Level 4.7 Summonings
 + Level 4.7 Necromancy
 + Level 4.7 Translocations
   Level 0.0 Transmutations
 + Level 4.7 Fire Magic
 + Level 4.7 Ice Magic
 + Level 4.7 Air Magic
 + Level 4.7 Earth Magic
 + Level 4.7 Alchemy


You knew the following spells:

 Your Spells              Type           Power      Damage    Failure   Level
a - Magic Dart            Conj           100%       1d8       1%          1
b - Searing Ray           Conj           50%        2d6       2%          2
c - Fulminant Prism       Conj/Alch      12%        3d8       16%         4
d - Call Imp              Summ           50%        N/A       2%          2
e - Scorch                Fire           50%        2d7       2%          2
s - Slow                  Hex            100%       N/A       1%          1
x - Iskenderun's Mystic   Conj/Tloc      25%        2d7       16%         4
Your spell library was empty.

Dungeon Overview and Level Annotations

Branches:
Dungeon (4/15)
 Temple: D:4-7

Altars:
Ashenzari
Cheibriados
Dithmenos
Fedhas
Nemelex Xobeh
Okawaru
Qazlal
Trog
Wu Jian
Xom
Zin

Shops:
D:3 [


Innate Abilities, Weirdness & Mutations

You are immune to sickness and miasma.
You are immune to poison.
Your flesh is very heat resistant. (rF++)
You are vulnerable to cold. (rC-)
You float through the air rather than walking.
You learn spells naturally, not from books.
Your magical power is your life essence.
You have superior vitality. (+4 MHP)


Message History

You can't see any susceptible monsters within range! (Use Z to cast anyway.)
You see here a giant cockroach corpse.
Found three altars.
You see here a giant cockroach corpse.
An endoplasm comes into view.
An endoplasm is nearby!
The magic dart hits the endoplasm.
You can't see any susceptible monsters within range! (Use Z to cast anyway.)
You can't see any susceptible monsters within range! (Use Z to cast anyway.)
You reach down and open the door.
There is an open door here.
There is an open door here.
A kobold comes into view. It is wielding a +0 club.
A kobold is nearby!
A kobold is nearby!
A kobold is nearby!
A kobold is nearby!
The magic dart hits the kobold.
You can't see any susceptible monsters within range! (Use Z to cast anyway.)
You can't see any susceptible monsters within range! (Use Z to cast anyway.)
A giant cockroach comes into view.
A giant cockroach is nearby!
A giant cockroach is nearby!
The magic dart hits the giant cockroach.
You take 1 damage, and have 53/54 hp.
You can't see any susceptible monsters within range! (Use Z to cast anyway.)
You can't see any susceptible monsters within range! (Use Z to cast anyway.)
You see here a +0 dagger.
You see here a +1 vampiric dagger {!w}.
There is a stone staircase leading down here.
You see here a +0 dagger.
An endoplasm comes into view.
Health restored: 54 The magic dart hits the endoplasm.
The endoplasm quivers.
You take 1 damage, and have 53/54 hp.
The magic dart hits the endoplasm.
You take 1 damage, and have 52/54 hp.
You can't see any susceptible monsters within range! (Use Z to cast anyway.)
You can't see any susceptible monsters within range! (Use Z to cast anyway.)
Things that are here:
a +0 club; 4 stones; a kobold corpse
There is an open door here.
Done exploring.
Health restored: 54 Done exploring.
Done exploring.
Search for what [? for help]? ash
There is an open gate here.
Things that are here:
a +0 short sword; 4 stones
There is an open door here.
There is an open door here.
There is a shimmering altar of Xom here.
You see here a goblin skeleton.
There is a shadowy altar of Dithmenos here.
There is a broken altar of Ashenzari here.
You hover solemnly before the altar of Ashenzari.
Ashenzari welcomes you!
Ashenzari warns you of distant threats and treasures.
Ashenzari shows you where magical portals lie.
Done exploring.
Done exploring.
Things that are here:
a +0 dagger; 2 stones
There is an open door here.
There is an open door here.
Things that are here:
a +0 whip; 4 stones
There is an open gate here.
There is a stone staircase leading down here.
You fly downwards.
There is a stone staircase leading up here.
You fly upwards.
There is a stone staircase leading down here.
You see here a +1 vampiric dagger {!w}.
There is a stone staircase leading down here.
You fly downwards.
There is a stone staircase leading up here.
The magic dart hits the ogre.
The ogre shouts!
You hear a shout!
You take 1 damage, and have 53/54 hp.
The magic dart hits the ogre.
You take 1 damage, and have 52/54 hp.
The ogre hits you with a +0 giant club!!
Ouch! That really hurt!
You hear an angry hiss.
You fly upwards.
There is a stone staircase leading down here.
You take 34 damage, and have 18/54 hp.
MASSIVE DAMAGE!!
Casting: Magic Dart (safe; 1% risk of failure)
Confirm with . or Enter, or press ? or * to list all spells.
Aiming: Searing Ray (safe; 2% risk of failure)
Press: ? - help, Shift-Dir - straight line, f - ogre
Aim: an ogre, wielding a +0 giant club (lightly wounded, 90% to hit)
The searing ray misses the ogre. (Press . to maintain the ray.)
* * * LOW HITPOINT WARNING * * *
The ogre hits you with a +0 giant club!!
Ouch! That really hurt!
You die...

.....# #.#.............#.# .....#
#.#####.#######.#.#
####.#####.......#######.#.#
####.......#####.##....#.#.#
..##.#####.# #.##....#.#.#
........∩..## #.##....#.#.##
............####.##....'....#
.......#........O##....#.##.#
.......#....####@##....#.##.#
........##### ####....#.##.#
........# ########....#.##.#
....)...# #.............##.#####
........####.###########.##......
..(.....#..............#.#####.##
......#...........####.#.....#.#
......#...........# #.#.###.#.#
......#...........# #.#)#<#.#.#


You could see an ogre.

Vanquished Creatures
  2 jellies (D:3)
  An orc priest (D:2)
  Terence (D:2)
  Natasha (thrice) (D:2)
  2 orc wizards (D:2)
  5 adders
  3 gnolls (D:2)
  A dart slug (D:2)
  A ribbon worm (D:2)
  7 orcs
  A bat (D:1)
  15 endoplasms
  3 giant cockroaches
  8 goblins
  11 hobgoblins
  3 jackals (D:3)
  9 kobolds
  9 ball pythons
  2 frilled lizards (D:1)
  4 rats
91 creatures vanquished.

Notes
Turn   | Place    | Note
-------+----------+-------------------------------------------
     0 | D:1      | IndexError the Djinni Conjurer began the quest for the Orb.
     0 | D:1      | IndexError set off with the following spells memorised:
                  | Magic Dart, Searing Ray, Fulminant Prism, Iskenderun's
                  | Mystic Blast.
     0 | D:1      | Reached XP level 1. HP: 15/15 MP: 0/0
   119 | D:1      | Reached skill level 1 in Fighting
   119 | D:1      | Reached XP level 2. HP: 17/22 MP: 0/0
   292 | D:1      | Reached XP level 3. HP: 26/28 MP: 0/0
   292 | D:1      | Learned a level 1 spell: Slow
   364 | D:1      | Found a faded altar of an unknown god.
   548 | D:1      | Reached skill level 2 in Fighting
   889 | D:2      | Noticed Terence
   893 | D:2      | Killed Terence
   894 | D:2      | Reached skill level 4 in Spellcasting
   894 | D:2      | Reached skill level 4 in Conjurations
   894 | D:2      | Reached skill level 4 in Hexes
   894 | D:2      | Reached skill level 4 in Summonings
   894 | D:2      | Reached skill level 4 in Necromancy
   894 | D:2      | Reached skill level 4 in Translocations
   894 | D:2      | Reached skill level 4 in Fire Magic
   894 | D:2      | Reached skill level 4 in Ice Magic
   894 | D:2      | Reached skill level 4 in Air Magic
   894 | D:2      | Reached skill level 4 in Earth Magic
   894 | D:2      | Reached skill level 4 in Alchemy
   894 | D:2      | Reached XP level 4. HP: 30/34 MP: 0/0
   978 | D:2      | Reached skill level 3 in Fighting
   985 | D:2      | Reached XP level 5. HP: 28/40 MP: 0/0
   985 | D:2      | Learned a level 2 spell: Call Imp
  1164 | D:2      | Reached skill level 4 in Fighting
  1164 | D:2      | Reached XP level 6. HP: 38/47 MP: 0/0
  1602 | D:2      | Noticed Natasha
  1604 | D:2      | Killed Natasha
  1613 | D:2      | Noticed Natasha
  1619 | D:2      | Killed Natasha
  1624 | D:2      | Noticed Natasha
  1631 | D:2      | Killed Natasha
  1976 | D:3      | Found Enisong's Antique Armour Boutique.
  2124 | D:3      | Reached skill level 5 in Fighting
  2266 | D:3      | Found a shadowy altar of Dithmenos.
  2266 | D:3      | Found a shimmering altar of Xom.
  2266 | D:3      | Found a stormy altar of Qazlal.
  2266 | D:3      | Found a bloodstained altar of Trog.
  2266 | D:3      | Found a shadowy altar of Dithmenos.
  2266 | D:3      | Found a broken altar of Ashenzari.
  2289 | D:3      | Reached XP level 7. HP: 30/54 MP: 0/0
  2289 | D:3      | Learned a level 2 spell: Scorch
  2675 | D:3      | Found an iron altar of Okawaru.
  2677 | D:3      | Found a bloodstained altar of Trog.
  2677 | D:3      | Found an ornate altar of the Wu Jian Council.
  2677 | D:3      | Found a sparkling altar of Nemelex Xobeh.
  2677 | D:3      | Found a stormy altar of Qazlal.
  2679 | D:3      | Found a blossoming altar of Fedhas.
  2679 | D:3      | Found a glowing silver altar of Zin.
  2679 | D:3      | Found a snail-covered altar of Cheibriados.
  3005 | D:3      | Became a worshipper of Ashenzari the Shackled
  3106 | D:3      | Demolished by an ogre

Illustrated notes

Levels and vault maps discovered:
D:1:      dpeg_arrival_round_b, layout_basic,
          shapermc_ecumenical_altar_mp_highgroup
D:2:      minmay_wonky_spiral, layout_basic, uniq_natasha, uniq_terence
D:3:      cheibrodos_fertilizer, layout_basic, nicolae_overflows_in_rows,
          serial_shops, shop, minivault_11
D:4:      layout_cave_pools, lemuel_zombie_altar_yredelemnul,
          minmay_gold_behind_fungi

Skill      XL: |  1  2  3  4  5  6 |
---------------+-------------------+-----
Fighting       | 1 2 3 4 5 |  5.4
Spellcasting   | 4 |  4.7
Conjurations   | 4 |  4.7
Hexes          | 4 |  4.7
Summonings     | 4 |  4.7
Necromancy     | 4 |  4.7
Translocations | 4 |  4.7
Fire Magic     | 4 |  4.7
Ice Magic      | 4 |  4.7
Air Magic      | 4 |  4.7
Earth Magic    | 4 |  4.7
Alchemy        | 4 |  4.7
Dodging        | |  2.1
Stealth        | |  1.5

Action                     |  1- 3 |  4- 6 |  7- 9 || total
---------------------------+-------+-------+-------++-------
   Cast: Magic Dart        |    61 |    92 |    11 ||   164
         Searing Ray       |     2 |     8 |     1 ||    11
 Armour: Robe              |     1 |    12 |     2 ||    15
  Dodge: Dodged            |     6 |    18 |       ||    24

Table legend: (Time is in decaauts)
 A = Elapsed time spent in this place.
 B = Non-inter-level travel time spent in this place.
 C = Inter-level travel time spent in this place.
 D = Time resting spent in this place.
 E = Time spent auto-exploring this place.
 F = Levels seen in this place.
 G = Mean time per level.
                   A        B        C        D        E       F      G
               +--------+--------+--------+--------+--------+-----+--------+
         Total |   3105 |   2758 |    347 |      0 |   2424 |   4 |  776.2 |
       Dungeon |   3105 |   2758 |    347 |      0 |   2424 |   4 |  776.2 |
               +--------+--------+--------+--------+--------+-----+--------+

Top non-repeatable levels by time:
     D:3: 1260 daAuts
     D:2: 1118 daAuts
     D:1: 722 daAuts
     D:4: 5 daAuts

Levels and vault maps discovered:
D:1:      dpeg_arrival_round_b, layout_basic,
          shapermc_ecumenical_altar_mp_highgroup
D:2:      minmay_wonky_spiral, layout_basic, uniq_natasha, uniq_terence
D:3:      cheibrodos_fertilizer, layout_basic, nicolae_overflows_in_rows,
          serial_shops, shop, minivault_11
D:4:      layout_cave_pools, lemuel_zombie_altar_yredelemnul,
          minmay_gold_behind_fungi

Table legend: (Time is in decaauts)
 A = Elapsed time spent in this place.
 B = Non-inter-level travel time spent in this place.
 C = Inter-level travel time spent in this place.
 D = Time resting spent in this place.
 E = Time spent auto-exploring this place.
 F = Levels seen in this place.
 G = Mean time per level.
                   A        B        C        D        E       F      G
               +--------+--------+--------+--------+--------+-----+--------+
         Total |   3105 |   2758 |    347 |      0 |   2424 |   4 |  776.2 |
       Dungeon |   3105 |   2758 |    347 |      0 |   2424 |   4 |  776.2 |
               +--------+--------+--------+--------+--------+-----+--------+

Top non-repeatable levels by time:
     D:3: 1260 daAuts
     D:2: 1118 daAuts
     D:1: 722 daAuts
     D:4: 5 daAuts

Table legend:
 A = Kills in this place as a percentage of kills in the entire game.
 B = Kills by you in this place as a percentage of kills by you in the entire game.
 C = Kills by friends in this place as a percentage of kills by friends in the entire game.
 D = Other kills in this place as a percentage of other kills in the entire game.
 E = Experience gained in this place as a percentage of experience gained in the entire game.
 F = Experience gained in this place divided by the number of levels of this place that you have seen.
                   A       B       C       D       E      F
               +-------+-------+-------+-------+-------+----------------------
         Total | 100.0 | 100.0 |   N/A |   N/A | 100.0 | 146.5
       Dungeon | 100.0 | 100.0 |   N/A |   N/A | 100.0 | 146.5
               +-------+-------+-------+-------+-------+----------------------
